 Dungeon Crawl Stone Soup version 0.25.1-11-g244df3a29b (webtiles) character file.

Game seed: 7873849153980594719

330 DeepDeath the Twirler (level 6, 0/44 HPs)
             Began as a Demonspawn Gladiator on Nov 19, 2023.
             Splashed by an orc's acid (13 damage)
             ... on level 4 of the Dungeon.
             The game lasted 00:13:24 (3572 turns).

DeepDeath the Twirler (Demonspawn Gladiator)        Turns: 3572, Time: 00:13:24

Health: 0/44       AC:  4    Str: 17    XL:     6   Next: 26%
Magic:  6/6        EV: 12    Int:  9    God:
Gold:   117        SH:  0    Dex: 14    Spells: 5/5 levels left

rFire    . . .     SeeInvis .   a - +1 quarterstaff
rCold    + + .     Gourm    .   (shield currently unavailable)
rNeg     . . .     Faith    .   u - +0 leather armour {rC+}
rPois    .         Spirit   .   (helmet restricted)
rElec    .         Reflect  .   v - +0 cloak
rCorr    .         Harm     .   (no gloves)
MR       .....                  (no boots)
Stlth    +.........             (no amulet)
HPRegen  0.14/turn              (no ring)
MPRegen  0.10/turn              (no ring)

@: flying, slowed, very slow
A: claws 1, horns 1, cold resistance 1
a: no special abilities


You were on level 4 of the Dungeon.
You were hungry.

You visited 1 branch of the dungeon, and saw 4 of its levels.

You collected 117 gold pieces.

Inventory:

Hand Weapons
 a - a +1 quarterstaff (weapon)
 o - a +0 quarterstaff
Missiles
 d - a throwing net
 e - 19 bolts
 h - 78 stones
 l - 17 arrows
 p - 5 boomerangs
 q - 4 poisoned darts (quivered)
 s - 2 javelins
Armour
 g - a +0 chain mail
 u - a +0 leather armour of cold resistance (worn)
 v - a +0 cloak (worn)
Wands
 c - a wand of iceblast (9)
Scrolls
 i - 4 scrolls of remove curse
 j - a scroll of teleportation
 k - a scroll of fog
 n - a scroll of amnesia
Potions
 b - a potion of mutation
 r - a potion of magic {unknown}
 t - a potion of resistance {unknown}
Comestibles
 f - 9 rations


   Skills:
 - Level 2.0 Fighting
 * Level 6.3 Staves
 - Level 2.0 Throwing
 - Level 1.0 Armour
 - Level 2.6 Dodging


You had 5 spell levels left.
You didn't know any spells.
Your spell library was empty.

Dungeon Overview and Level Annotations

Branches:
Dungeon (4/15)             Temple (0/1) D:4

Altars:

Annotations:
D:3 Grinder


Innate Abilities, Weirdness & Mutations

You have sharp fingernails.
You have a pair of small horns on your head.
Your flesh is cold resistant. (rC+)


Message History

You closely miss the orc wizard.
The orc wizard is moderately wounded.
The orc wizard misses you.
The orc wizard hits you with a +0 dagger.
You sock the orc wizard!
You kill the orc wizard!
The orc wizard misses you.
The orc wizard shouts!
You sock the orc wizard!
The orc wizard is severely wounded.
The orc hits you.
The orc wizard gestures at you while chanting.
The magic dart hits you. The orc hits you.
The orc wizard hits you but does no damage.
It was a potion of flight.
You feel very buoyant.
You fly up into the air.
The orc zaps a wand.
The bolt of acid hits you!
* * * LOW HITPOINT WARNING * * *
You are splashed with acid!
You die...

..#.# .$. ...#
###...
##.###......#
######.........#.#
#...#....>..o....#
#.>.#...........#
#...#.......(..#
#.#.#...)oo((..##.
# . #.<..@(.......
.> #<)..#.###..##
#. ##......# # ##
#.........
#.........
.........$#
#.#........#
..#.........
...........#


You could see 2 orc wizards and an orc.

Vanquished Creatures
  An ogre (D:4)
  A howler monkey (D:4)
  2 orc wizards
  7 adders
  2 oozes
  3 worms
  2 dart slugs
  3 leopard geckos
  7 orcs (D:3)
  4 giant cockroaches
  6 goblins
  7 hobgoblins
  12 kobolds
  A quokka (D:3)
  12 bats
  5 frilled lizards
  11 rats
86 creatures vanquished.

Notes
Turn   | Place    | Note
-------+----------+-------------------------------------------
     0 | D:1      | DeepDeath the Demonspawn Gladiator began the quest for the
                  | Orb.
     0 | D:1      | Reached XP level 1. HP: 16/16 MP: 1/1
   232 | D:1      | Reached skill level 3 in Staves
   232 | D:1      | Gained mutation: You have sharp fingernails. [demonic
                  | ancestry]
   232 | D:1      | Reached XP level 2. HP: 20/22 MP: 2/2
   681 | D:1      | Reached skill level 1 in Armour
  1095 | D:2      | Reached XP level 3. HP: 19/27 MP: 3/3
  1477 | D:2      | You fall into a shaft and drop 1 floor!
  1613 | D:3      | Reached skill level 4 in Staves
  1681 | D:3      | Gained mutation: Your flesh is cold resistant. (rC+)
                  | [demonic ancestry]
  1681 | D:3      | Reached XP level 4. HP: 33/33 MP: 4/4
  1958 | D:3      | Noticed Grinder
  2582 | D:2      | Reached skill level 5 in Staves
  2583 | D:2      | Gained mutation: You have a pair of small horns on your
                  | head. [demonic ancestry]
  2583 | D:2      | Reached XP level 5. HP: 38/38 MP: 5/5
  3526 | D:4      | Found a staircase to the Ecumenical Temple.
  3534 | D:4      | Noticed an ogre
  3543 | D:4      | Killed an ogre
  3543 | D:4      | Reached XP level 6. HP: 33/44 MP: 6/6
  3550 | D:4      | Reached skill level 6 in Staves
  3572 | D:4      | Splashed by an orc's acid

Illustrated notes

Levels and vault maps discovered:
D:1:      eino_arrival_water_cross, layout_rooms
D:2:      minmay_diamond_boxcup, layout_loops_ring
D:3:      layout_basic, uniq_grinder
D:4:      kennysheep_kobold_camp, layout_rooms, lemuel_round_altar,
          minmay_temple_entry_from_below_a, serial_shops, shop,
          nicolae_shop_statue_plus, shop_statue, first_ration

Skill      XL: |  1  2  3  4  5  6 |
---------------+-------------------+-----
Staves         | 3 4 5 6 |  6.3
Throwing       | 2 |  2.0
Armour         | 1 |  1.0
Fighting       | |  2.0
Dodging        | |  2.6

Action                   |  1- 3 |  4- 6 || total
-------------------------+-------+-------++-------
Melee: Quarterstaff      |   114 |   123 ||   237
       Headbutt          |       |     9 ||     9
Throw: Stone             |    29 |       ||    29
       Boomerang         |     5 |    17 ||    22
       Javelin           |     2 |       ||     2
       Throwing net      |     1 |     1 ||     2
       Dart              |       |     8 ||     8
  Use: Scroll            |     5 |     4 ||     9
       Potion            |       |     3 ||     3
 Stab: Sleeping          |       |     1 ||     1
  Eat: Chunk             |     2 |     6 ||     8
Armor: Leather armour    |    40 |    25 ||    65
Dodge: Dodged            |    79 |    71 ||   150
